 Dungeon Crawl Stone Soup version 0.21.1-1-g345015f (webtiles) character file.

4125 xccam the Basher (level 10, -2/70 HPs)
             Began as a Demonspawn Abyssal Knight on Mar 1, 2018.
             Was an Elder of Lugonu.
             Slain by a frost giant
             ... wielding a +0 battleaxe of freezing
              (8 damage)
             ... on level 8 of the Dungeon.
             The game lasted 00:21:25 (7184 turns).

xccam the Basher (Demonspawn Abyssal Knight)        Turns: 7184, Time: 00:21:26

Health: -2/70      AC: 18    Str: 21    XL:     10   Next: 6%
Magic:  16/16      EV: 11    Int: 13    God:    Lugonu [****..]
Gold:   535        SH:  0    Dex: 15    Spells: 9/9 levels left

rFire    x . .     SeeInvis .   j - +1 dire flail (protect)
rCold    + . .     Gourm    .   (shield currently unavailable)
rNeg     . . .     Faith    .   q - +3 ring mail
rPois    .         Spirit   .   F - +2 hat
rElec    +         Reflect  .   E - +0 cloak
rCorr    .         Harm     .   y - +2 pair of gloves
MR       +....     Clarity  +   (no boots)
Stlth    ..........             (no amulet)
HPRegen  0.21/turn              H - ring of protection from magic
MPRegen  0.15/turn              h - ring of ice

@: mighty, very slightly contaminated, invisible
A: hooves 2, horns 1, thin metallic scales 2, clarity, demonic guardian 1,
electricity resistance, strong 1, rot immunity
a: Depart the Abyss, Bend Space, Banish, Corrupt, Renounce Religion


You were on level 8 of the Dungeon.
You worshipped Lugonu.
Lugonu was greatly pleased with you.
You were very hungry.

You visited 1 branch of the dungeon, and saw 8 of its levels.
You visited the Abyss 1 time.

You collected 535 gold pieces.

Inventory:

Hand Weapons
 j - a +1 dire flail of protection (weapon)
 A - a +1 mace of venom
 J - a +1 whip of distortion
Armour
 q - a +3 ring mail (worn)
 x - a +0 helmet
 y - a +2 pair of gloves (worn)
 z - a +0 buckler
 E - a +0 cloak (worn)
 F - a +2 hat (worn)
Jewellery
 e - an uncursed ring of see invisible
 f - an uncursed ring of magical power
 h - a ring of ice (right hand)
 p - an uncursed ring of protection from fire
 w - an uncursed ring of wizardry
 H - a ring of protection from magic (left hand)
Wands
 a - a wand of disintegration (1)
 G - a wand of acid (1)
 L - a wand of random effects (40)
 O - a wand of digging (10)
 P - a wand of iceblast (4)
Scrolls
 b - 2 scrolls of enchant weapon
 g - a scroll of fog
 n - 5 scrolls of enchant armour
 r - a scroll of torment {unknown}
 s - a scroll of summoning {unknown}
 u - 4 scrolls of immolation {unknown}
 C - a scroll of brand weapon {unknown}
 D - 5 scrolls of identify
 I - a scroll of magic mapping
 M - a scroll of blinking {unknown}
 N - a scroll of teleportation
Potions
 i - 2 potions of brilliance
 l - 2 potions of invisibility
 m - 2 potions of resistance
 B - 5 potions of curing
 K - a potion of might
Books
 k - a book of Air

   Spells                             Type                      Level
   a - Shock                          Conjuration/Air              1
   b - Swiftness                      Charms/Air                   2
   c - Static Discharge               Conjuration/Air              3
   d - Airstrike                      Air                          4
   e - Lightning Bolt                 Conjuration/Air              5
Comestibles
 c - 17 rations


   Skills:
 - Level 3.0 Fighting
 + Level 11.0 Maces & Flails
 + Level 5.6 Armour
 - Level 0.8 Dodging
 + Level 8.1 Invocations


You had 9 spell levels left.
You didn't know any spells.

Dungeon Overview and Level Annotations

Branches:
Dungeon (8/15)             Temple (0/1) D:7
   Lair: D:8-11

Altars:
Elyvilon
Fedhas
Makhleb
Okawaru
Sif Muna
Uskayaw


Innate Abilities, Weirdness & Mutations

You have hoof-like feet.
You are mostly covered in thin metallic scales. (AC +3)
A weak demonic guardian rushes to your aid.
You are immune to rotting.
You have a pair of small horns on your head.
You possess an exceptional clarity of mind.
You are resistant to electric shocks. (rElec)
Your muscles are strong. (Str +2)


Message History

The acid corrodes the frost giant!
The frost giant is moderately wounded.
The bolt of acid misses the wyvern zombie.
As you read the scroll of holy word, it crumbles to dust.
You speak a Word of immense power!
You are blasted by holy energy!
* * * LOW HITPOINT WARNING * * *
Your iron imp convulses!
You kill your iron imp!
The wyvern zombie convulses!
The frost giant hits you with a battleaxe of freezing.
* * * LOW HITPOINT WARNING * * *
You feel much better.
The wyvern zombie bites you but does no damage.
The frost giant gestures at you while chanting.
The bolt of cold hits you! You resist.
* * * LOW HITPOINT WARNING * * *
You feel very mighty all of a sudden.
The wyvern zombie completely misses you.
The frost giant hits you with a battleaxe of freezing!
You die...

##.######## ###....# ###...#
########## ###..# ##...##
###........##. ##.# ##...##
##..########.##.. ###.# #...##
##...# ##.##...#...# #[.##
##...###########.##...W... #.##
##..### #......###.##..5...
##.####.###}..#Z.....####.##.....
#......##$)...)C@..⌠....'........
#..####.###(..#......####.##.....
#..## #..#####......# #.##......
#...## #... #########.##.......
#....## #...# #.##........
#.#...## #..# .##.. #.....
#.##...## ##. .##... #.....
#.###...# ######...###.....
#.####### #........##..#.>.


You could see a frost giant and a wyvern zombie (dazed).

Vanquished Creatures
  The ghost of soepske the Insei, a novice GnTm of Okawaru (D:8)
  A kobold demonologist (D:8)
  Eustachio (D:5)
  A hungry ghost (D:7)
  A sky beast (D:7)
  An ice beast (D:7)
  3 ogres
  A centaur (D:5)
  11 big kobolds
  Blork the orc (D:5)
  3 bullfrogs
  A water moccasin skeleton (D:8)
  2 scorpions (D:7)
  4 killer bees
  9 wights
  2 howler monkeys (D:8)
  2 crimson imps
  A bullfrog zombie (D:6)
  A jelly (D:5)
  An orc priest (D:8)
  3 hounds
  2 orc wizards
  3 iguanas
  5 worker ants
  Natasha (thrice) (D:3)
  4 gnolls
  5 adders
  An ooze (D:3)
  An adder zombie (D:8)
  4 adder skeletons
  A worm (D:3)
  4 dart slugs
  4 leopard geckos
  19 orcs
  2 ball pythons
  6 bats
  2 giant cockroaches
  7 goblins
  10 hobgoblins
  2 jackals (D:1)
  3 quokkas
  3 frilled lizards
  31 kobolds
  A leopard gecko zombie (D:7)
  A quokka skeleton (D:5)
  5 rats
180 creatures vanquished.

Vanquished Creatures (collateral kills)
  2 big kobolds (D:8)
  A centaur zombie (D:5)
  A crimson imp (D:5)
  A jelly (D:7)
  An orc wizard (D:5)
  2 gnolls (D:5)
  2 orcs
  4 kobolds
14 creatures vanquished.

Grand Total: 194 creatures vanquished

Notes
Turn   | Place    | Note
-------+----------+-------------------------------------------
     0 | Abyss:1  | xccam the Demonspawn Abyssal Knight began the quest for the Orb.
     0 | Abyss:1  | Reached XP level 1. HP: 18/18 MP: 2/2
   119 | Abyss:1  | Noticed a wretched star
   120 | D:1      | Escaped the Abyss
   259 | D:1      | Reached skill level 2 in Maces & Flails
   496 | D:1      | Gained mutation: You are partially covered in thin metallic scales. (AC +2) [demonic ancestry]
   496 | D:1      | Reached XP level 2. HP: 24/24 MP: 3/3
   529 | D:1      | Reached * piety under Lugonu
   581 | D:1      | You fall through a shaft!
   725 | D:1      | Reached skill level 3 in Maces & Flails
  1006 | D:1      | Gained mutation: You have large cloven feet. [demonic ancestry]
  1006 | D:1      | Reached XP level 3. HP: 29/29 MP: 4/4
  1343 | D:2      | Found a faded altar of an unknown god.
  1847 | D:3      | Found a blossoming altar of Fedhas.
  1896 | D:3      | Reached skill level 4 in Maces & Flails
  1896 | D:3      | Gained mutation: You are immune to rotting. [demonic ancestry]
  1896 | D:3      | Reached XP level 4. HP: 34/35 MP: 5/5
  1902 | D:3      | Reached ** piety under Lugonu
  2032 | D:3      | Noticed Natasha
  2045 | D:3      | Killed Natasha
  2071 | D:3      | Found a white marble altar of Elyvilon.
  2106 | D:3      | Noticed Natasha
  2116 | D:3      | Killed Natasha
  2116 | D:3      | Reached XP level 5. HP: 19/41 MP: 6/6
  2431 | D:3      | Noticed Natasha
  2438 | D:3      | Killed Natasha
  2438 | D:3      | Reached skill level 5 in Maces & Flails
  2581 | D:4      | Found an iron altar of Okawaru.
  2714 | D:4      | Reached skill level 6 in Maces & Flails
  2714 | D:4      | Gained mutation: A weak demonic guardian rushes to your aid. [demonic ancestry]
  2714 | D:4      | Reached XP level 6. HP: 28/47 MP: 7/7
  2725 | D:5      | Entered Level 5 of the Dungeon
  3317 | D:4      | Reached skill level 7 in Maces & Flails
  3317 | D:4      | Reached XP level 7. HP: 44/52 MP: 8/8
  3332 | D:4      | Reached *** piety under Lugonu
  4083 | D:5      | Reached skill level 8 in Maces & Flails
  4260 | D:5      | Noticed Blork the orc
  4271 | D:5      | Killed Blork the orc
  4287 | D:5      | Found a deep blue altar of Sif Muna.
  4288 | D:5      | Found a hide-covered altar of Uskayaw.
  4423 | D:5      | Noticed Eustachio
  4433 | D:5      | Killed Eustachio
  4433 | D:5      | Reached XP level 8. HP: 43/58 MP: 9/9
  4800 | D:5      | Found a burning altar of Makhleb.
  4859 | D:6      | Reached skill level 9 in Maces & Flails
  5743 | D:7      | Reached **** piety under Lugonu
  5794 | D:7      | Reached skill level 10 in Maces & Flails
  5882 | D:7      | Found a staircase to the Ecumenical Temple.
  5986 | D:7      | Gained mutation: You have hoof-like feet. [demonic ancestry]
  5986 | D:7      | Reached XP level 9. HP: 59/63 MP: 12/12
  6013 | D:7      | Reached skill level 5 in Invocations
  6464 | D:8      | Noticed soepske's ghost (novice GnTm)
  6560 | D:8      | Noticed a kobold demonologist
  6574 | D:8      | Killed a kobold demonologist
  6574 | D:8      | Reached skill level 5 in Armour
  6800 | D:8      | Gained mutation: You are frail. (-10% HP) [potion of mutation]
  6800 | D:8      | Gained mutation: You are resistant to electric shocks. (rElec) [potion of mutation]
  6814 | D:8      | Killed soepske's ghost
  6814 | D:8      | Reached skill level 11 in Maces & Flails
  6814 | D:8      | Gained mutation: You are mostly covered in thin metallic scales. (AC +3) [demonic ancestry]
  6814 | D:8      | Reached XP level 10. HP: 15/63 MP: 14/16
  6815 | D:8      | Lost mutation: You are frail. (-10% HP) [potion of mutation]
  6815 | D:8      | Gained mutation: You have a pair of small horns on your head. [potion of mutation]
  6815 | D:8      | Gained mutation: Your muscles are strong. (Str +2) [potion of mutation]
  6815 | D:8      | Gained mutation: You possess an exceptional clarity of mind. [potion of mutation]
  7162 | D:8      | Found a runed door.
  7169 | D:8      | Noticed a frost giant
  7184 | D:8      | Slain by a frost giant

Skill      XL: |  1  2  3  4  5  6  7  8  9 |
---------------+----------------------------+-----
Maces & Flails | 2 3 4 6 7 8 10 11 | 11.0
Armour         | 3 5 |  5.6
Invocations    | 4 8 |  8.1
Fighting       | |  3.0
Dodging        | |  0.8

Action                   |  1- 3 |  4- 6 |  7- 9 | 10-12 || total
-------------------------+-------+-------+-------+-------++-------
Melee: Mace              |   113 |   172 |    65 |       ||   350
       Kick              |    12 |    33 |    85 |     5 ||   135
       Dire flail        |       |       |   275 |    12 ||   287
       Headbutt          |       |       |       |     4 ||     4
Invok: Depart the Abyss  |     1 |       |       |       ||     1
Evoke: Wand              |       |       |     5 |     3 ||     8
  Use: Scroll            |       |     7 |     7 |     1 ||    15
       Potion            |       |     4 |    11 |     4 ||    19
 Stab: Distracted        |       |       |     1 |       ||     1
  Eat: Chunk             |     3 |     3 |    12 |       ||    18
       Ration            |       |     1 |       |       ||     1
Armor: Scale mail        |    35 |       |       |       ||    35
       Ring mail         |    38 |   107 |   193 |     3 ||   341
Dodge: Dodged            |    64 |    83 |   159 |     6 ||   312
Block: Buckler           |       |    19 |     6 |       ||    25
